 Dungeon Crawl Stone Soup version 0.23.1-37-gaa34b87b72 (webtiles) character file.

Game seed: 6678460120151273843

2877 Kisielow the Basher (level 9, -8/56 HPs)
             Began as a Gargoyle Fighter on Mar 23, 2019.
             Was a Follower of Qazlal.
             Killed by divine providence
             ... invoked by an orc priest
              (13 damage)
             ... on level 7 of the Dungeon.
             The game lasted 00:13:37 (5621 turns).

Kisielow the Basher (Gargoyle Fighter)              Turns: 5621, Time: 00:13:39

Health: -8/56      AC: 28    Str: 29    XL:     9   Next: 76%
Magic:  9/9        EV: 17    Int:  8    God:    Qazlal [*.....]
Gold:   479        SH: 15    Dex: 14    Spells: 8/8 levels left

rFire    + . .     SeeInvis .   r - +2 flail (protect)
rCold    + . .     Gourm    +   c - +1 shield
rNeg     + . .     Faith    .   h - +0 chain mail
rPois    ∞         Spirit   .   (no helmet)
rElec    +         Reflect  .   (no cloak)
rCorr    +         Harm     .   (no gloves)
MR       .....                  (no boots)
Stlth    ..........             b - amulet of the gourmand
HPRegen  0.18/turn              v - +5 ring of evasion
MPRegen  0.11/turn              m - +5 ring of protection

@: mighty, agile, resistant, protection aura
A: negative energy resistance 1, electricity resistance, unbreathing,
petrification resistance, rot immunity, AC +6
a: Renounce Religion


You were on level 7 of the Dungeon.
You worshipped Qazlal.
Qazlal was aware of your devotion.
You were completely stuffed.

You visited 2 branches of the dungeon, and saw 8 of its levels.

You collected 479 gold pieces.

Inventory:

Hand Weapons
 r - a +2 flail of protection (weapon)
Armour
 c - a +1 shield (worn)
 h - a +0 chain mail (worn)
Jewellery
 b - an amulet of the gourmand (around neck)
 l - an uncursed ring of stealth
 m - a +5 ring of protection (right hand)
 v - a +5 ring of evasion (left hand)
Wands
 a - a wand of random effects (13)
 u - a wand of paralysis (5)
Scrolls
 g - 8 scrolls of teleportation
 n - 3 scrolls of remove curse
 o - 3 scrolls of identify
 q - a scroll of blinking
 x - a scroll of enchant armour
Potions
 d - 2 potions of might
 e - 5 potions of curing
 i - a potion of ambrosia
 j - 2 potions of mutation
 k - 3 potions of heal wounds
 s - 2 potions of brilliance
 w - a potion of agility
Comestibles
 f - 10 rations


   Skills:
 + Level 6.9 Fighting
 * Level 9.1 Maces & Flails
 + Level 7.0 Armour
 + Level 7.0 Shields


You had 8 spell levels left.
You didn't know any spells.
Your spell library contained the following spells:

 Spells                   Type           Power        Failure   Level  Hunger
 Animate Skeleton         Necr           N/A          99%         1    ##.....
 Apportation              Tloc           #.....       99%         1    ##.....
 Confusing Touch          Hex            #.....       99%         1    ##.....
 Summon Small Mammal      Summ           #...         99%         1    ##.....


Dungeon Overview and Level Annotations

Branches:
Dungeon (7/15)             Temple (1/1) D:5

Altars:
Ashenzari
Cheibriados
Dithmenos
Elyvilon
Fedhas
Gozag
Hepliaklqana
Kikubaaqudgha
Makhleb
Nemelex Xobeh
Okawaru
Qazlal
Ru
Sif Muna
Trog
Uskayaw
Vehumet
Wu Jian
Xom
Yredelemnul
Zin
The Shining One

Shops:
D:6 (

Annotations:
D:3 3 runed translucent doors, chimenez's ghost, amateur BaFi


Innate Abilities, Weirdness & Mutations

You are resistant to torment.
Your stone body is resilient. (AC +6)
You are immune to poison.
You resist negative energy. (rN+)
You are resistant to electric shocks. (rElec)
You can survive without breathing.
You are immune to petrification.
You are immune to rotting.


Message History

You kill the orc warrior!
Qazlal accepts your kill.
Your Armour skill increases to level 7!
You sock the orc priest!
The orc priest is heavily wounded.
The orc priest hits you but does no damage.
The orc priest invokes the aid of Beogh against you.
Beogh smites you!
* * * LOW HITPOINT WARNING * * *
You hit the orc priest.
The orc priest is severely wounded.
The orc priest completely misses you.
Your shield and chain mail prevent you from hitting the orc priest.
The orc priest is severely wounded.
The orc priest mumbles some strange prayers to Beogh against you.
Beogh smites you!
* * * LOW HITPOINT WARNING * * *
The orc priest calls down the wrath of Beogh upon you.
Beogh smites you!
You die...

#(..# #...#
####################...#
#>......................
#.##.###################
#.##.# #.##.#
#.##.########## #####
#...ooo@....[.. .....
####o########## ##### #
#.# #...####y#
.......oo# .......oo#
......oo.# .........#
.........#


You could see 3 orc priests and an orc.

Vanquished Creatures
  A troll (D:6)
  Edmund (D:4)
  2 orc warriors
  A sky beast (D:6)
  3 phantoms
  2 ogres
  A centaur (D:6)
  A big kobold (D:7)
  6 bullfrogs
  2 water moccasin skeletons
  3 killer bees (D:7)
  A wight (D:6)
  A howler monkey (D:4)
  2 crimson imps
  A centaur zombie (D:5)
  2 jellies
  4 hounds
  5 orc priests
  3 iguanas
  Ijyb (D:3)
  Natasha (twice) (D:3)
  5 orc wizards
  3 worker ants
  A hound skeleton (D:5)
  6 adders
  A shadow imp (D:6)
  An ooze (D:3)
  An adder skeleton (D:6)
  4 worms (D:2)
  5 dart slugs
  7 leopard geckos
  20 orcs
  A ball python (D:3)
  2 giant cockroaches (D:2)
  8 goblins
  3 hobgoblins
  3 jackals (D:1)
  14 kobolds
  2 quokkas
  A ball python skeleton (D:5)
  6 bats
  3 frilled lizards
  A quokka skeleton (D:7)
  A quokka zombie (D:6)
  2 rats (D:1)
146 creatures vanquished.

Notes
Turn   | Place    | Note
-------+----------+-------------------------------------------
     0 | D:1      | Kisielow the Gargoyle Fighter began the quest for the Orb.
     0 | D:1      | Reached XP level 1. HP: 14/14 MP: 1/1
   105 | D:1      | Reached XP level 2. HP: 19/19 MP: 2/2
   235 | D:1      | Reached skill level 3 in Maces & Flails
   306 | D:1      | Reached XP level 3. HP: 23/23 MP: 3/3
   729 | D:2      | Found a shadowy altar of Dithmenos.
   885 | D:2      | Reached skill level 4 in Maces & Flails
   902 | D:2      | Reached XP level 4. HP: 21/28 MP: 4/4
   935 | D:2      | Found a hazy altar of Hepliaklqana.
  1225 | D:2      | You fall through a shaft!
  1379 | D:2      | Reached XP level 5. HP: 32/32 MP: 5/5
  1636 | D:3      | Noticed Ijyb
  1704 | D:3      | Killed Ijyb
  2038 | D:3      | Found a runed translucent gate.
  2038 | D:3      | Found a runed translucent gate.
  2038 | D:3      | Found a runed translucent gate.
  2039 | D:3      | Noticed chimenez's ghost (amateur BaFi)
  2190 | D:3      | Reached skill level 5 in Maces & Flails
  2191 | D:3      | Reached XP level 6. HP: 26/38 MP: 6/6
  2298 | D:3      | Found a deep blue altar of Sif Muna.
  2352 | D:3      | Noticed Natasha
  2363 | D:3      | Killed Natasha
  2432 | D:3      | Noticed Natasha
  2452 | D:3      | Killed Natasha
  2704 | D:4      | Found a blossoming altar of Fedhas.
  2748 | D:4      | Noticed Edmund
  2758 | D:4      | Reached XP level 7. HP: 43/43 MP: 7/7
  2769 | D:4      | Killed Edmund
  2774 | D:4      | Reached skill level 6 in Maces & Flails
  2937 | D:4      | Reached skill level 5 in Shields
  3080 | D:4      | Found a burning altar of Makhleb.
  3109 | D:4      | Reached skill level 5 in Armour
  3109 | D:4      | Reached XP level 8. HP: 48/48 MP: 8/8
  3137 | D:4      | Found a snail-covered altar of Cheibriados.
  3449 | D:4      | Found a sacrificial altar of Ru.
  3512 | D:5      | Entered Level 5 of the Dungeon
  3526 | D:5      | Reached skill level 5 in Fighting
  3742 | D:5      | Reached skill level 7 in Maces & Flails
  3963 | D:5      | Found a staircase to the Ecumenical Temple.
  4188 | Temple   | Entered the Ecumenical Temple
  4221 | Temple   | Became a worshipper of Qazlal Stormbringer
  4340 | D:4      | Found a shimmering altar of Xom.
  4410 | D:6      | Found Enef's Weapon Boutique.
  4441 | D:6      | Noticed a troll
  4461 | D:6      | Killed a troll
  4546 | D:6      | Reached XP level 9. HP: 55/55 MP: 9/9
  4592 | D:6      | Reached skill level 8 in Maces & Flails
  4798 | D:6      | Reached * piety under Qazlal
  5583 | D:7      | Reached skill level 9 in Maces & Flails
  5621 | D:7      | Killed from afar by an orc priest

Skill      XL: |  1  2  3  4  5  6  7  8  9 |
---------------+----------------------------+-----
Maces & Flails | 3 4 5 6 7 9 |  9.1
Armour         | 4 5 6 7 |  7.0
Shields        | 4 5 6 7 |  7.0
Fighting       | 4 6 |  6.9

Action                   |  1- 3 |  4- 6 |  7- 9 || total
-------------------------+-------+-------+-------++-------
Melee: Flail             |   157 |   177 |   409 ||   743
       Unarmed           |       |    24 |       ||    24
  Use: Scroll            |       |    11 |     6 ||    17
       Potion            |       |       |     3 ||     3
  Eat: Chunk             |       |    15 |    15 ||    30
Armor: Scale mail        |   104 |    32 |       ||   136
       Chain mail        |       |    66 |   168 ||   234
       Skin              |       |     4 |       ||     4
Dodge: Dodged            |    62 |    43 |   128 ||   233
Block: Shield            |    99 |    91 |   244 ||   434
